 Dungeon Crawl Stone Soup version 0.30-b1-2-g02819fbbbe (webtiles) character file.

Game seed: 9630742890998957745

8 sexsifox the Poker (level 2, -1/24 HPs)
             Began as a Human Berserker on Aug 18, 2023.
             Was a Follower of Trog.
             Slain by a hobgoblin (3 damage)
             ... on level 1 of the Dungeon.
             The game lasted 00:07:22 (426 turns).

sexsifox the Poker (Human Berserker)                 Turns: 426, Time: 00:07:23

Health: -1/24      AC:  0    Str: 17    XL:     2   Next: 15%
Magic:  2/2        EV: 12    Int:  7    God:    Trog [*.....]
Gold:   0          SH:  0    Dex: 12    Spells: 1/1 levels left

rFire   . . .        a - +0 spear
rCold   . . .        (no shield)
rNeg    . . .        (no body armour)
rPois   .            (no helmet)
rElec   .            (no cloak)
rCorr   .            (no gloves)
SInv    .            (no boots)
Will    .....        (no amulet)
Stlth   +            (no ring)
HPRegen 0.24/turn    (no ring)
MPRegen 0.08/turn

%: no passive effects
@: no status effects
A: no striking features
a: Renounce Religion, Berserk


You were on level 1 of the Dungeon.
You worshipped Trog.
Trog was aware of your devotion.
You visited 1 branch of the dungeon, and saw 1 of its levels.

Inventory:

Hand Weapons
 a - a +0 spear (weapon)
 c - a +0 whip
 h - a +0 club
Missiles
 e - 5 stones (quivered)
Armour
 b - a +0 animal skin
Scrolls
 d - a scroll of teleportation {unknown}
 g - a scroll of blinking {unknown}
Potions
 f - a potion of invisibility {unknown}
 i - a potion of heal wounds {unknown}


   Skills:
 + Level 3.2 Fighting
 + Level 3.2 Polearms
 + Level 2.0 Armour
 + Level 2.0 Dodging


You had one spell level left.
You didn't know any spells.
Your spell library was empty.

Dungeon Overview and Level Annotations

Branches:
Dungeon (1/15)

Altars:


Message History

2 hobgoblins come into view.
The hobgoblin shouts!
A ball python comes into view.
You see here a coppery potion.
A quokka comes into view.
You see here a coppery potion.
i - a coppery potion The hobgoblin hits you.
The hobgoblin attacks as you move away! The hobgoblin hits you.
You see here a murky puce potion.
As you open the door, it creaks loudly!
You hear a shout!
The hobgoblin hits you.
You hear an angry hiss.
There is an open door here.
The hobgoblin attacks as you move away! The hobgoblin misses you.
A hobgoblin comes into view.
You hit the hobgoblin but do no damage. The hobgoblin hits you.
You hit the hobgoblin.
The hobgoblin is heavily wounded.
The hobgoblin completely misses you.
You closely miss the hobgoblin.
The hobgoblin is heavily wounded.
The hobgoblin barely misses you. x2
You hit the hobgoblin but do no damage.
The hobgoblin is heavily wounded.
The hobgoblin completely misses you. The hobgoblin closely misses you.
You closely miss the hobgoblin.
The hobgoblin is heavily wounded.
The hobgoblin hits you. x2
* * * LOW HITPOINT WARNING * * *
The hobgoblin attacks as you move away! The hobgoblin barely misses you.
The hobgoblin attacks as you move away! The hobgoblin hits you.
* * * LOW HITPOINT WARNING * * *
The hobgoblin attacks as you move away! The hobgoblin hits you.
* * * LOW HITPOINT WARNING * * *
The hobgoblin attacks as you move away! The hobgoblin barely misses you.
There is an open door here.
The hobgoblin attacks as you move away! The hobgoblin completely misses you.
The hobgoblin attacks as you move away! The hobgoblin hits you.
You die...

##..........#....##.#
#........#######.##.#
+........>..#.....#.#
#.........#.#....##.#
##.....>.## #...†...#
##.....###...##.####
##.gg## ## #.### ##g##
#...# #@# ###.# #.#
#.# ##.## #.# ##...##
#.# #.....##########.#
.#####...###.........#
.............#########
######^###### #.#


You could see 3 hobgoblins.

Vanquished Creatures
  2 ball pythons (D:1)
  3 endoplasms (D:1)
  A bat (D:1)
  A kobold (D:1)
7 creatures vanquished.

Notes
Turn   | Place    | Note
-------+----------+-------------------------------------------
     0 | D:1      | sexsifox the Human Berserker began the quest for the Orb.
     0 | D:1      | Reached XP level 1. HP: 18/18 MP: 1/1
   238 | D:1      | Reached XP level 2. HP: 15/24 MP: 2/2
   422 | D:1      | HP: 1/24 [hobgoblin (4)]
   426 | D:1      | Slain by a hobgoblin

Illustrated notes

Levels and vault maps discovered:
D:1:      mrwooster_arrival_arrow, layout_loops_corners

Action                     || total
---------------------------++-------
  Melee: Spear             ||    24
         Unarmed           ||     2
         Punch             ||     1
  Throw: Stone             ||     1
 Armour: Animal skin       ||     2
  Dodge: Dodged            ||    30
